 Dungeon Sprint DCSS version 0.31-a0-1-g4198be8af4 (webtiles) character file.

Game seed: 17195266652230687945

501 Darkkill the Fighter (level 6, -10/55 HPs)
             Began as a Draconian Wanderer on May 2, 2023.
             Was a Follower of Hepliaklqana.
             Mangled by an ogre
             ... wielding a +0 giant club
              (21 damage)
             ... in the Dungeon (Sprint VII: "The Pits").
             The game lasted 00:04:33 (830 turns).

Darkkill the Fighter (Draconian Wanderer)            Turns: 830, Time: 00:04:33

Health: -10/55     AC: -2    Str: 14    XL:     6   Next: 95%
Magic:  6/6        EV: 11    Int: 12    God:    Hepliaklqana [*.....]
Gold:   0          SH:  0    Dex: 13    Spells: 5/5 levels left

rFire   . . .        n - +2 quarterstaff (protect)
rCold   . . .        (shield currently unavailable)
rNeg    . . .        (body armour unavailable)
rPois   .            (helmet restricted)
rElec   .            (no cloak)
rCorr   .            (no gloves)
SInv    .            (no boots)
Will    .....        (no amulet)
Stlth   +            (no ring)
HPRegen 0.29/turn    (no ring)
MPRegen 0.10/turn

%: no teleportation
@: corroded
A: reduced essence, AC +6, unfitting armour, cold-blooded
a: Renounce Religion, Recall Ancestor, Ancestor Identity


You were in the Dungeon.
You worshipped Hepliaklqana.
Hepliaklqana was aware of your devotion.
You visited 1 branch

Inventory:

Hand Weapons
 n - a +2 quarterstaff of protection (weapon)
Missiles
 e - 4 stones (quivered)
Scrolls
 c - 3 scrolls of vulnerability
 f - 5 scrolls of amnesia
Potions
 d - 2 potions of invisibility
 g - 4 potions of magic
 h - 3 potions of berserk rage


   Skills:
 + Level 8.8 Fighting
 + Level 7.7 Long Blades
 + Level 8.5 Shields
 + Level 7.5 Evocations


You had 5 spell levels left.
You didn't know any spells.
Your spell library was empty.

Dungeon Overview and Level Annotations

Branches:
Dungeon (1/1)

Altars:
Ashenzari
Cheibriados
Dithmenos
Elyvilon
Fedhas
Gozag
Hepliaklqana
Kikubaaqudgha
Makhleb
Nemelex Xobeh
Okawaru
Qazlal
Ru
Sif Muna
Trog
Uskayaw
Vehumet
Wu Jian
Xom
Yredelemnul
Zin
The Shining One
Jiyva
Lugonu


Innate Abilities, Weirdness & Mutations

Your life essence is reduced to manifest your ancestor. (-10% HP)
Your plain brown scales are hard. (AC +6)
You cannot fit into any form of body armour.
You are cold-blooded and may be slowed by cold attacks.


Message History

You hit the warg.
The warg is severely wounded.
The warg bites you but does no damage. The warg bites you.
You hit the warg. You tail-slap the warg.
The warg is almost dead.
The warg bites you!
* * * LOW HITPOINT WARNING * * *
The warg pauses to sniff the ground.
The warg bites you but does no damage.
You hit the warg but do no damage.
Your tail-slap misses the warg.
The warg is almost dead.
The warg barely misses you. The warg bites you.
* * * LOW HITPOINT WARNING * * *
You hit the warg.
The warg is almost dead.
The warg bites you!
* * * LOW HITPOINT WARNING * * *
You swap places.
The warg bites Frank.
Frank barely misses the warg.
The warg bites Frank!
There is an open door here.
You see here a ball python corpse.
You swap places.
The warg bites you.
* * * LOW HITPOINT WARNING * * *
You swap places.
The warg bites Frank!
Frank is destroyed!
There is an open door here.
You see here a ball python corpse.
You feel better.
You feel better. The warg barely misses you. x2
You feel better. The warg bites you.
You barely miss the warg.
Your tail-slap misses the warg.
The warg is almost dead.
The warg bites you!
* * * LOW HITPOINT WARNING * * *
The warg bites you.
* * * LOW HITPOINT WARNING * * *
You hit the warg.
Your weapon exudes an aura of protection.
You kill the warg!
Your Shields skill increases to level 8!
Your Evocations skill increases to level 7!
You hit the jelly.
Your hands burn!
* * * LOW HITPOINT WARNING * * *
You tail-slap the jelly, but do no damage.
The jelly is lightly wounded.
The jelly hits you but does no damage.
You feel better. The jelly closely misses you.
You feel better. The jelly hits you. The acid corrodes you!
You are splashed with acid!
You hit the jelly. The acid corrodes you!
Your hands burn!
* * * LOW HITPOINT WARNING * * *
The jelly is moderately wounded.
The jelly barely misses you. The jelly hits you but does no damage.
Read: scroll of butterflies
Press: ? - help, Q - select action, (/) - cycle Dir - look around, f - activate Look: a jelly (moderately wounded)
As you read the scroll of butterflies, it crumbles to dust.
You hear the flapping of tiny wings.
The ogre is knocked back by the sudden gust.
The jelly is knocked back by the sudden gust.
You swap places.
The jelly closely misses your butterfly.
You swap places.
The jelly barely misses your butterfly.
There is an open door here.
Something hits your butterfly.
Your butterfly dies!
Your butterfly disappears in a burst of colours!
The jelly misses your butterfly.
There is an open door here.
You see here an iguana skeleton.
The jelly closely misses your butterfly.
The jelly misses your butterfly.
Frank emerges from the mists of memory!
You swap places.
Something misses your butterfly.
There is an open door here.
You are no longer corroded.
Your butterfly disappears in a burst of colours!
Your butterfly disappears in a burst of colours!
There is an open door to the Storerooms (Easy) here.
You swap places.
There is an open door to the Storerooms (Easy) here.
The jelly hits you. The acid corrodes you!
You are splashed with acid!
You sock the jelly!
Your weapon exudes an aura of protection.
The acid corrodes you!
Your hands burn!
* * * LOW HITPOINT WARNING * * *
The jelly is almost dead.
The jelly hits you.
* * * LOW HITPOINT WARNING * * *
You are splashed with acid.
* * * LOW HITPOINT WARNING * * *
The ogre misses you.
You hit the jelly.
You kill the jelly!
The ogre misses you. The ogre closely misses you.
Frank barely misses the ogre.
Frank hits the ogre.
The ogre attacks as you move away!
The ogre hits you with a +0 giant club!!
You die...

############
#_________.#
#_________.#
#_______...##########
##########'##........
#....')))'.##......#.
##########.##........
#...@O.R....'........
#'#####)#####......#.
#.#..#.....##........
#b#))#####'#####'####
#.#))#.....##.......#
#b#).#...†.##.......#
#b#[[###'####.......#
#J##R#.....##...<...#
#.#........##.......#


You could see the friendly Frank the ancestor and an ogre (ally target).

Vanquished Creatures
  A fire bat (D)
  A warg (D)
  2 scorpions (D)
  A jelly (D)
  A gnoll bouda (D)
  An iguana (D)
  An adder (D)
  A river rat (D)
  2 adder skeletons (D)
  A worm (D)
  A ball python (D)
  A bat zombie (D)
  2 endoplasms (D)
  A kobold (D)
  A frilled lizard (D)
  A quokka zombie (D)
19 creatures vanquished.

Vanquished Creatures (collateral kills)
  An endoplasm (D)
1 creature vanquished.

Vanquished Creatures (others)
  3 ancestors (D)
3 creatures vanquished.

Grand Total: 23 creatures vanquished

Notes
Turn   | Place    | Note
-------+----------+-------------------------------------------
     0 | D        | Darkkill the Draconian Wanderer began the quest for the
                  | Orb.
     0 | D        | Darkkill set off with the following items: a +1 falchion, a
                  | +2 buckler, a scroll of vulnerability, a potion of curing
                  | {@q1}, a potion of heal wounds, a potion of haste, 2
                  | potions of magic, a potion of berserk rage, a scroll of
                  | blinking.
     0 | D        | Reached XP level 1. HP: 19/19 MP: 1/1
    11 | D        | Noticed a scorpion
    21 | D        | HP: 3/19 [scorpion (2)]
    30 | D        | Killed a scorpion
    31 | D        | Reached skill level 5 in Fighting
    31 | D        | Reached skill level 5 in Shields
    31 | D        | Reached XP level 2. HP: 6/29 MP: 2/2
    31 | D        | Reached XP level 3. HP: 7/36 MP: 3/3
    60 | D        | Found a bloodstained altar of Trog.
    60 | D        | Found a shimmering blue altar of Sif Muna.
    60 | D        | Found a viscous altar of Jiyva.
    60 | D        | Found a hazy altar of Hepliaklqana.
    60 | D        | Found an opulent altar of Gozag.
    61 | D        | Found a glowing golden altar of the Shining One.
    61 | D        | Found a glowing silver altar of Zin.
    61 | D        | Found a basalt altar of Yredelemnul.
    61 | D        | Found a shimmering altar of Xom.
    61 | D        | Found an ornate altar of the Wu Jian Council.
    61 | D        | Found a sacrificial altar of Ru.
    61 | D        | Found a stormy altar of Qazlal.
    61 | D        | Found an iron altar of Okawaru.
    61 | D        | Found a sparkling altar of Nemelex Xobeh.
    61 | D        | Found a burning altar of Makhleb.
    61 | D        | Found a blossoming altar of Fedhas.
    61 | D        | Found a white marble altar of Elyvilon.
    61 | D        | Found a shadowy altar of Dithmenos.
    61 | D        | Found a snail-covered altar of Cheibriados.
    64 | D        | Found a corrupted altar of Lugonu.
    64 | D        | Found a radiant altar of Vehumet.
    65 | D        | Found an ancient bone altar of Kikubaaqudgha.
    65 | D        | Found a hide-covered altar of Uskayaw.
    65 | D        | Found a broken altar of Ashenzari.
    69 | D        | Became a worshipper of Hepliaklqana the Forgotten
   158 | D        | Reached XP level 4. HP: 37/42 MP: 4/4
   188 | D        | Reached * piety under Hepliaklqana
   365 | D        | Noticed a scorpion
   376 | D        | Noticed a fire bat
   392 | D        | Killed a scorpion
   393 | D        | Reached skill level 5 in Long Blades
   393 | D        | Reached skill level 5 in Evocations
   393 | D        | Reached XP level 5. HP: 42/45 MP: 5/5
   407 | D        | HP: 7/45 [fire bat (7)]
   441 | D        | HP: 4/45 [fire bat (6)]
   451 | D        | HP: 7/45 [fire bat (8)]
   454 | D        | Killed a fire bat
   455 | D        | Reached XP level 6. HP: 10/54 MP: 6/6
   744 | D        | Noticed a warg
   767 | D        | HP: 4/54 [warg (9)]
   775 | D        | Killed a warg
   776 | D        | HP: 11/55 [acid (2)]
   824 | D        | HP: 9/55 [acid (5)]
   830 | D        | Mangled by an ogre

Illustrated notes

Levels and vault maps discovered:
D:        pitsprint [storerooms_1, entrance_room_1, metal_vault_1, armoury_3,
          mini_pit_1, grid_room_1, main_hall_1, silver_pit, the_coven_3,
          the_vestibule_1, steel_vault_1, golden_pit, hallway_of_sentries,
          crystal_vault_5, iron_vault_1, final_vault]

Skill      XL: |  1  2  3  4  5  6 |
---------------+-------------------+-----
Fighting       | 5 6 7 8 |  8.8
Long Blades    | 4 5 6 7 |  7.7
Shields        | 5 6 7 8 |  8.5
Evocations     | 3 4 5 6 7 |  7.5

Action                     |  1- 3 |  4- 6 || total
---------------------------+-------+-------++-------
  Melee: Falchion          |    28 |    10 ||    38
         Tailslap          |     5 |    11 ||    16
         Quarterstaff      |       |    57 ||    57
  Throw: Stone             |       |     6 ||     6
 Invoke: Ancestor Identity |       |     1 ||     1
    Use: Potion            |     3 |    10 ||    13
         Scroll            |       |     2 ||     2
   Stab: Sleeping          |     1 |       ||     1
 Armour: Skin              |     4 |    30 ||    34
  Dodge: Dodged            |    12 |    58 ||    70
  Block: Buckler           |    12 |     8 ||    20

Table legend: (Time is in decaauts)
 A = Elapsed time spent in this place.
 B = Non-inter-level travel time spent in this place.
 C = Inter-level travel time spent in this place.
 D = Time resting spent in this place.
 E = Time spent auto-exploring this place.
 F = Levels seen in this place.
 G = Mean time per level.
                   A        B        C        D        E       F      G
               +--------+--------+--------+--------+--------+-----+--------+
         Total |    835 |    815 |     20 |    421 |      0 |   1 |  835.0 |
       Dungeon |    835 |    815 |     20 |    421 |      0 |   1 |  835.0 |
               +--------+--------+--------+--------+--------+-----+--------+

Top non-repeatable levels by time:
       D: 835 daAuts

Levels and vault maps discovered:
D:        pitsprint [storerooms_1, entrance_room_1, metal_vault_1, armoury_3,
          mini_pit_1, grid_room_1, main_hall_1, silver_pit, the_coven_3,
          the_vestibule_1, steel_vault_1, golden_pit, hallway_of_sentries,
          crystal_vault_5, iron_vault_1, final_vault]

Table legend: (Time is in decaauts)
 A = Elapsed time spent in this place.
 B = Non-inter-level travel time spent in this place.
 C = Inter-level travel time spent in this place.
 D = Time resting spent in this place.
 E = Time spent auto-exploring this place.
 F = Levels seen in this place.
 G = Mean time per level.
                   A        B        C        D        E       F      G
               +--------+--------+--------+--------+--------+-----+--------+
         Total |    835 |    815 |     20 |    421 |      0 |   1 |  835.0 |
       Dungeon |    835 |    815 |     20 |    421 |      0 |   1 |  835.0 |
               +--------+--------+--------+--------+--------+-----+--------+

Top non-repeatable levels by time:
       D: 835 daAuts

Table legend:
 A = Kills in this place as a percentage of kills in the entire game.
 B = Kills by you in this place as a percentage of kills by you in the entire game.
 C = Kills by friends in this place as a percentage of kills by friends in the entire game.
 D = Other kills in this place as a percentage of other kills in the entire game.
 E = Experience gained in this place as a percentage of experience gained in the entire game.
 F = Experience gained in this place divided by the number of levels of this place that you have seen.
                   A       B       C       D       E      F
               +-------+-------+-------+-------+-------+----------------------
         Total | 100.0 | 100.0 | 100.0 |   N/A | 100.0 | 716.0
       Dungeon | 100.0 | 100.0 | 100.0 |   N/A | 100.0 | 716.0
               +-------+-------+-------+-------+-------+----------------------
